AoeStats
← bumbsbomba74

Fortress

509628927Analyzed
3v3 RM · 5d ago on Sep 27, 2026· 70m 54s· 6 players
Game mode
Random Map
Map size
Large (8 player)
Population
200
Speed
Normal
Resources
Standard
Victory
Conquest
Starting age
Dark Age
Ending age
Imperial Age
RankedLock teamsTeams togetherTeam positionsShared explorationLock speedFull tech treeHidden civsTurbo modeCheats
Victory
Defeat
🇩🇪 Slavs · Germany
1266
+14
🇩🇪 Britons · Germany
1168
+18
🇩🇪 Magyars · Germany
1095
+20
🇨🇳 Mongols · China
1258
-19
🇨🇳 Spanish · China
1221
-18
🇨🇳 Persians · China
1153
-15
bumbsbomba74
7:31 Feudal Age
8:28 Double-Bit Axe
11:06 Castle Age
10:19 Horse Collar
11:59 Bow Saw
12:51 Horse Collar
15:59 Heavy Plow
18:07 Wheelbarrow
19:20 Gold Mining
19:59 Hand Cart
21:45 Gold Shaft Mining
22:11 Corvinian Army
22:20 Scale Barding Armor
22:25 Stone Mining
26:10 Imperial Age
23:44 Fletching
24:17 Padded Archer Armor
24:29 Bodkin Arrow
25:50 Ballistics
26:04 Chain Barding Armor
27:25 Bracer
28:26 Chemistry
27:59 Conscription
27:39 Recurve Bow
28:46 Two-Man Saw
28:17 Bloodlines
28:49 Thumb Ring
29:10 Parthian Tactics
29:20 Husbandry
29:56 Capped Ram
30:18 Heavy Cavalry Archer
31:30 Leather Archer Armor
33:12 Ring Archer Armor
36:09 Plate Barding Armor
36:04 Scale Mail Armor
35:41 Pikeman
36:28 Halberdier
38:03 Chain Mail Armor
43:02 Light Cavalry
45:38 Hussar
61:55 Elite Skirmisher
64:41 Town Watch
64:42 Loom
drive
7:55 Feudal Age
9:18 Double-Bit Axe
11:38 Castle Age
9:45 Horse Collar
11:33 Wheelbarrow
13:38 Bow Saw
13:29 Loom
13:40 Town Watch
15:10 Hand Cart
16:54 Pikeman
18:19 Heavy Plow
19:53 Elite Skirmisher
20:43 Padded Archer Armor
20:33 Fletching
22:15 Detinets
22:47 Leather Archer Armor
25:32 Bodkin Arrow
28:05 Forging
28:00 Scale Barding Armor
31:12 Imperial Age
30:20 Ballistics
30:35 Scale Mail Armor
31:11 Iron Casting
30:50 Squires
32:59 Fortified Wall
33:50 Chemistry
34:02 Ring Archer Armor
33:47 Chain Mail Armor
34:33 Blast Furnace
33:53 Halberdier
35:23 Light Cavalry
36:14 Bloodlines
36:29 Bloodlines
36:23 Husbandry
36:45 Chain Barding Armor
40:45 Conscription
41:21 Hussar
41:24 Cavalier
42:26 Onager
62:04 Crop Rotation
69:25 Caravan
Panda
8:31 Feudal Age
9:49 Loom
13:25 Castle Age
12:08 Fletching
13:38 Double-Bit Axe
13:32 Crossbowman
14:17 Padded Archer Armor
16:29 Bow Saw
20:13 Ballistics
21:03 Bodkin Arrow
24:24 Leather Archer Armor
30:22 Imperial Age
32:07 Chemistry
32:05 Arbalester
34:47 Bracer
36:17 Scale Mail Armor
36:27 Forging
37:59 Ring Archer Armor
39:37 Pikeman
44:33 Yeomen
51:10 Onager
10001
4:57 Loom
5:39 Loom
9:13 Feudal Age
13:06 Castle Age
11:13 Horse Collar
11:21 Double-Bit Axe
13:04 Wheelbarrow
13:53 Loom
21:18 Hand Cart
23:01 Gold Mining
24:26 Gold Shaft Mining
24:01 Heavy Plow
24:22 Bow Saw
28:05 Imperial Age
27:01 Scale Barding Armor
27:07 Forging
27:32 Fletching
27:42 Scale Mail Armor
28:09 Chain Barding Armor
27:41 Fletching
27:52 Scale Mail Armor
27:50 Murder Holes
28:19 Ballistics
28:10 Masonry
28:04 Kamandaran
28:12 Husbandry
28:22 Bloodlines
27:54 Cavalier
28:36 Stone Mining
29:25 Iron Casting
29:22 Conscription
30:11 Crop Rotation
30:29 Plate Barding Armor
30:20 Citadels
30:46 Hoardings
31:16 Chemistry
30:00 Savar
30:31 Town Watch
31:56 Blast Furnace
31:30 Town Patrol
32:54 Bodkin Arrow
33:18 Chain Mail Armor
34:36 Stone Shaft Mining
33:57 Light Cavalry
34:31 Capped Ram
34:37 Capped Ram
37:50 Siege Ram
39:05 Heavy Scorpion
42:10 Light Cavalry
43:29 Hussar
小虾米
5:25 Loom
7:52 Feudal Age
9:26 Double-Bit Axe
11:59 Castle Age
9:50 Horse Collar
11:28 Fletching
14:27 Wheelbarrow
17:07 Bow Saw
18:09 Heavy Plow
18:47 Bodkin Arrow
25:39 Imperial Age
23:38 Gold Mining
23:38 Stone Mining
24:31 Padded Archer Armor
24:57 Ballistics
24:49 Fortified Wall
24:34 Murder Holes
24:50 Masonry
24:55 Town Watch
25:26 Hand Cart
26:09 Gold Shaft Mining
26:50 Bracer
27:54 Chemistry
27:13 Bloodlines
27:03 Husbandry
28:39 Town Patrol
29:07 Conscription
28:17 Sappers
29:24 Hoardings
29:34 Elite Mangudai
31:10 Drill
31:47 Stone Shaft Mining
33:01 Scale Barding Armor
33:07 Forging
33:12 Leather Archer Armor
33:35 Thumb Ring
33:56 Parthian Tactics
33:42 Light Cavalry
34:44 Chain Barding Armor
34:44 Hussar
35:56 Capped Ram
36:02 Onager
37:41 Iron Casting
37:36 Siege Onager
39:54 Capped Ram
47:07 Siege Ram
59:57 Heavy Scorpion
太阳当空照
10:05 Feudal Age
11:46 Double-Bit Axe
14:21 Castle Age
12:18 Horse Collar
14:18 Padded Archer Armor
15:11 Bloodlines
15:24 Leather Archer Armor
15:18 Loom
16:38 Husbandry
17:05 Heavy Plow
39:18 Imperial Age
41:56 Ring Archer Armor
41:16 Fletching
42:53 Thumb Ring
43:38 Bodkin Arrow
44:25 Ballistics
44:23 Bracer
44:14 Elite Skirmisher
50:09 Chemistry
55:01 Forging
54:56 Scale Barding Armor
56:13 Light Cavalry
56:44 Light Cavalry
Connection lost

Rejoining the realm…

Still unreachable

The connection could not be restored.

Session expired

The server has moved on; the page needs a fresh start.